 Seeded DCSS version 0.30-a0-948-g4fa250aae5 (webtiles) character file.

Game seed: 20230326 (custom seed)

5024 a11behringer the Cleaver (level 10, -3/90 HPs)
             Began as a Hill Orc Fighter on Mar 26, 2023.
             Was a Believer of Makhleb.
             Slain by an orange demon (4 damage)
             ... led by Amaemon
             ... on level 8 of the Dungeon.
             The game lasted 00:19:41 (7350 turns).

a11behringer the Cleaver (Hill Orc Fighter)         Turns: 7350, Time: 00:19:41

Health: -3/90      AC: 17    Str: 24    XL:     10   Next: 55%
Magic:  15/15      EV: 11    Int:  8    God:    Makhleb [**....]
Gold:   428        SH:  5    Dex: 10    Spells: 9/9 levels left

rFire   . . .      SeeInvis .    a - +0 war axe (chaos)
rCold   . . .      Faith    .    c - +0 buckler
rNeg    . . .      Spirit   .    q - +0 plate armour
rPois   +          Reflect  .    t - +0 helmet
rElec   .          Rampage  .    (no cloak)
rCorr   .                        e - +0 pair of gloves
Will    .....                    D - +0 pair of boots Stlth
                                 (no amulet)
HPRegen 0.35/turn                n - ring of poison resistance
MPRegen 0.14/turn                z - +5 ring of evasion

@: slowed, very slow
A: no striking features
a: Renounce Religion, Minor Destruction


You were on level 8 of the Dungeon.
You worshipped Makhleb.
Makhleb was pleased with you.
You visited 1 branch of the dungeon, and saw 8 of its levels.

You collected 456 gold pieces.
You spent 28 gold pieces at shops.

Inventory:

Hand Weapons
 a - a +0 war axe of chaos (weapon)
 f - a +0 sling
 w - a +1 spear of venom
 G - a +0 morningstar
Armour
 b - a +0 scale mail
 c - a +0 buckler (worn)
 e - a +0 pair of gloves (worn)
 h - +1 swamp dragon scales
 q - a +0 plate armour (worn)
 t - a +0 helmet (worn)
 u - a +0 tower shield
 D - a +0 pair of boots (worn)
 H - a +4 ring mail
Jewellery
 n - a ring of poison resistance (left hand)
 z - a +5 ring of evasion (right hand)
Wands
 s - a wand of light (13)
 C - a wand of mindburst (18)
Scrolls
 g - a scroll of immolation
 j - 3 scrolls of enchant armour
 m - 3 scrolls of fear
 p - 4 scrolls of teleportation
 r - a scroll of vulnerability
 y - 2 scrolls of silence
 A - a scroll of identify
 B - a scroll of magic mapping
 F - a scroll of blinking {unknown}
Potions
 d - a potion of might
 i - 4 potions of brilliance
 l - 3 potions of haste
 o - a potion of degeneration {unknown}
 v - a potion of heal wounds {unknown}
 x - a potion of flight
 E - 2 potions of lignification {unknown}
 I - a potion of resistance {unknown}
 J - 3 potions of attraction {unknown}


   Skills:
 + Level 8.4 Fighting
 * Level 11.9 Axes
 + Level 7.6 Armour
 + Level 7.6 Shields
 + Level 7.6 Invocations


You had 9 spell levels left.
You didn't know any spells.
Your spell library contained the following spells:

 Spells                   Type           Power      Damage    Failure   Level
 Necrotise                Necr           0%         1d4       100%        1
 Shock                    Conj/Air       0%         1d3       100%        1
 Ozocubu's Armour         Ice            0%         N/A       100%        3
 Swiftness                Air            0%         N/A       100%        3
 Vampiric Draining        Necr           0%         2d6       100%        3
 Airstrike                Air            0%         2d(0-16)  100%        4
 Agony                    Necr           0%         N/A       100%        5
 Ozocubu's Refrigeration  Ice            0%         4d7       100%        7


Dungeon Overview and Level Annotations

Branches:
Dungeon (8/15)             Temple (0/1) D:6
   Lair: D:8-11

Altars:
Cheibriados
Kikubaaqudgha
Makhleb
Nemelex Xobeh
Okawaru
Sif Muna
Trog
Uskayaw
Vehumet

Shops:
D:4 *[?   D:5 [

Annotations:
D:5 3 runed translucent doors, Darkkill's ghost, amateur MiHu; DeathPants's ghost, weakling VSDe; Newt's ghost, novice KoHu; ooooo's ghost, novice OpCj; pigah's ghost, novice OpWn


Message History

You barely miss the scorpion.
* * * LOW HITPOINT WARNING * * *
You feel very sick. Amaemon hits you but does no damage.
You block Amaemon's attack. Amaemon closely misses you.
The scorpion misses you. Amaemon hits you but does no damage.
Amaemon barely misses you. You block Amaemon's attack.
The orange demon misses you. The scorpion barely misses you.
You feel better. Amaemon barely misses you. Amaemon claws you.
* * * LOW HITPOINT WARNING * * *
You block Amaemon's attack. You block the orange demon's attack.
The scorpion stings you.
* * * LOW HITPOINT WARNING * * *
You are poisoned.
The scorpion poisons you!
Amaemon hits you with a -2 demon whip of venom.
* * * LOW HITPOINT WARNING * * *
Amaemon claws you.
* * * LOW HITPOINT WARNING * * *
Amaemon barely misses you. The orange demon barely misses you.
The scorpion stings you but does no damage.
Amaemon misses you. Amaemon closely misses you. You block Amaemon's attack.
You slice Amaemon!! You drain Amaemon!
You kill Amaemon!
Makhleb accepts your kill.
The scorpion disappears in a puff of smoke! x4
* * * LOW HITPOINT WARNING * * *
You feel very sick.
The orange demon no longer looks unusually toxic.
You block the orange demon's attack.
You feel sick. You block the orange demon's attack.
You feel sick.
You feel sick. The orange demon stings you from afar.
* * * LOW HITPOINT WARNING * * *
* * * LOW HITPOINT WARNING * * *
You feel sick.
You are no longer poisoned.
Unknown command.
The orange demon stings you from afar.
You die...

..# .# #.# .#
#.# .# #.# .#
#.# .###### #.#
##......# #<#
#.)......
#.###########.#
#.......@.4...#
###############


You could see an orange demon.

Vanquished Creatures
  Amaemon (D:8)
  A deep elf pyromancer (D:7)
  An ugly thing (D:7)
  A cyclops (D:7)
  Joseph (D:7)
  A gargoyle (D:7)
  A polar bear (shapeshifter) (D:7)
  Grinder (D:5)
  A shadow (D:7)
  A wyvern (D:7)
  A steam dragon (D:7)
  Menkaure (D:5)
  A water moccasin (D:7)
  A black bear (D:5)
  An ogre (D:7)
  A centaur (D:7)
  2 phantoms
  4 scorpions
  3 killer bees (D:7)
  A howler monkey (D:6)
  6 hounds
  2 jellies (D:6)
  2 orc priests (D:7)
  A sleepcap (D:7)
  2 iguanas (D:5)
  8 orc wizards
  3 gnolls (D:3)
  8 adders
  A white imp (D:7)
  2 ufetubi
  A worm (D:4)
  3 dart slugs
  29 orcs
  14 ball pythons
  3 bats (D:1)
  6 endoplasms
  4 giant cockroaches
  4 goblins
  7 hobgoblins
  8 jackals
  4 kobolds
  2 quokkas (D:3)
  6 frilled lizards
  6 rats
158 creatures vanquished.

Vanquished Creatures (others)
  12 plants (D:7)
12 creatures vanquished.

Grand Total: 170 creatures vanquished

Notes
Turn   | Place    | Note
-------+----------+-------------------------------------------
     0 | D:1      | a11behringer the Hill Orc Fighter began the quest for the
                  | Orb.
     0 | D:1      | Reached XP level 1. HP: 19/19 MP: 1/1
   151 | D:1      | Reached skill level 3 in Axes
   157 | D:1      | Reached XP level 2. HP: 24/27 MP: 2/2
   284 | D:1      | Reached XP level 3. HP: 32/33 MP: 3/3
   880 | D:2      | Reached skill level 4 in Axes
  1242 | D:2      | Reached XP level 4. HP: 40/40 MP: 4/4
  2431 | D:3      | Found a burning altar of Makhleb.
  2505 | D:3      | Became a worshipper of Makhleb the Destroyer
  2554 | D:3      | Found a bloodstained altar of Trog.
  2590 | D:3      | Reached XP level 5. HP: 21/47 MP: 5/5
  2723 | D:3      | Found a faded altar of an unknown god.
  2745 | D:3      | Reached skill level 5 in Axes
  2745 | D:3      | Reached skill level 1 in Invocations
  2799 | D:3      | Found a snail-covered altar of Cheibriados.
  2949 | D:4      | Found a radiant altar of Vehumet.
  2995 | D:4      | Reached XP level 6. HP: 40/53 MP: 7/7
  3079 | D:4      | Found an iron altar of Okawaru.
  3081 | D:4      | Found a sparkling altar of Nemelex Xobeh.
  3105 | D:4      | Reached * piety under Makhleb
  3156 | D:4      | Found Utoet's General Store.
  3213 | D:4      | Found Acalause's Magic Scroll Boutique.
  3284 | D:4      | Found Zocaoth's Antique Armour Shoppe.
  3516 | D:4      | Bought a scroll of identify for 28 gold pieces
  3527 | D:5      | Entered Level 5 of the Dungeon
  3582 | D:5      | Found an ancient bone altar of Kikubaaqudgha.
  3662 | D:5      | Reached skill level 5 in Fighting
  3662 | D:5      | Reached skill level 6 in Axes
  3691 | D:5      | Reached XP level 7. HP: 43/61 MP: 8/8
  4068 | D:5      | Found a runed translucent gate.
  4068 | D:5      | Found a runed translucent gate.
  4068 | D:5      | Found a runed translucent gate.
  4068 | D:5      | Noticed pigah's ghost (novice OpWn)
  4068 | D:5      | Noticed Newt's ghost (novice KoHu)
  4069 | D:5      | Noticed DeathPants's ghost (weakling VSDe)
  4069 | D:5      | Noticed Darkkill's ghost (amateur MiHu)
  4069 | D:5      | Noticed ooooo's ghost (novice OpCj)
  4109 | D:5      | Noticed Grinder
  4113 | D:5      | Paralysed by Grinder for 2 turns
  4117 | D:5      | Paralysed by Grinder for 2 turns
  4122 | D:5      | Killed Grinder
  4123 | D:5      | Reached skill level 7 in Axes
  4123 | D:5      | Reached skill level 5 in Armour
  4123 | D:5      | Reached skill level 5 in Shields
  4184 | D:5      | Reached XP level 8. HP: 66/69 MP: 10/10
  4252 | D:5      | Found Piseciq's Armour Boutique.
  4694 | D:5      | Noticed Menkaure
  4702 | D:5      | Killed Menkaure
  5028 | D:6      | Reached skill level 8 in Axes
  5123 | D:6      | Found a staircase to the Ecumenical Temple.
  5268 | D:6      | Found a shimmering blue altar of Sif Muna.
  5759 | D:7      | Noticed a deep elf pyromancer
  5768 | D:7      | Killed a deep elf pyromancer
  5769 | D:7      | Reached skill level 9 in Axes
  5769 | D:7      | Reached skill level 5 in Invocations
  5769 | D:7      | Reached XP level 9. HP: 49/78 MP: 12/12
  5937 | D:7      | Reached ** piety under Makhleb
  5952 | D:7      | Noticed a cyclops
  5962 | D:7      | Killed a cyclops
  5978 | D:7      | Reached skill level 10 in Axes
  6196 | D:7      | Noticed Joseph
  6208 | D:7      | Killed Joseph
  6340 | D:7      | Reached XP level 10. HP: 68/88 MP: 13/15
  6538 | D:7      | Reached skill level 11 in Axes
  6609 | D:7      | Noticed a gargoyle
  6783 | D:7      | Found a hide-covered altar of Uskayaw.
  6841 | D:7      | Noticed a green ugly thing
  6862 | D:7      | HP: 3/88 [poisoned by a green ugly thing]
  6871 | D:7      | Killed a green ugly thing
  7134 | D:7      | Killed a gargoyle
  7329 | D:8      | Noticed Amaemon
  7329 | D:8      | Noticed an orange demon
  7345 | D:8      | Killed Amaemon
  7348 | D:8      | HP: 4/90 [poisoned by a scorpion]
  7349 | D:8      | HP: 1/90 [poisoned by a scorpion]
  7350 | D:8      | Slain by an orange demon

Illustrated notes

Levels and vault maps discovered:
D:1:      matt_arrival_spirals, layout_basic, minmay_bisected
D:2:      minmay_chambers_of_twos, layout_basic
D:3:      layout_basic, lemuel_doored_altar,
          mainiacjoe_overflow_six_doors_small, old_standard_altar,
          basic_ecumenical_altar
D:4:      layout_cave_pools, okawaru_metal_pillars_3,
          mainiacjoe_overflow_alcove_1, kennysheep_mini_moat, serial_shops,
          nicolae_lakefront_shop, nicolae_lakefront_shop, shop
D:5:      layout_basic, mainiacjoe_overflow_chevrons, gammafunk_ghost_cemetery,
          kennysheep_windowed_goal, uniq_menkaure, uniq_grinder
D:6:      layout_loops_ring, nicolae_sif_muna_little_library,
          minmay_temple_entry_crystal_x
D:7:      layout_loops_ring, kennysheep_little_box, minmay_shattered_shrine,
          uniq_joseph
D:8:      layout_loops_ring, nicolae_overflow_hidden_temple, uniq_amaemon,
          uniq_grum

Skill      XL: |  1  2  3  4  5  6  7  8  9 10 |
---------------+-------------------------------+-----
Axes           | 3 4 5 6 7 9 10 11 | 11.9
Fighting       | 4 5 6 7 8 |  8.4
Shields        | 4 5 6 7 |  7.6
Armour         | 4 5 6 7 |  7.6
Invocations    | 1 2 3 5 6 7 |  7.6

Action                     |  1- 3 |  4- 6 |  7- 9 | 10-12 || total
---------------------------+-------+-------+-------+-------++-------
  Melee: War axe           |    83 |   159 |   289 |    67 ||   598
 Invoke: Minor Destruction |       |       |     1 |     3 ||     4
    Use: Scroll            |       |     7 |     6 |     1 ||    14
         Potion            |       |       |     3 |     2 ||     5
   Stab: Paralysed         |       |       |       |     4 ||     4
 Armour: Scale mail        |    33 |       |       |       ||    33
         Swamp dragon scal |    12 |    58 |       |       ||    70
         Plate armour      |       |     7 |   151 |    43 ||   201
  Dodge: Dodged            |    44 |    65 |   141 |    50 ||   300
  Block: Buckler           |    24 |    35 |    64 |    22 ||   145

Table legend: (Time is in decaauts)
 A = Elapsed time spent in this place.
 B = Non-inter-level travel time spent in this place.
 C = Inter-level travel time spent in this place.
 D = Time resting spent in this place.
 E = Time spent auto-exploring this place.
 F = Levels seen in this place.
 G = Mean time per level.
                   A        B        C        D        E       F      G
               +--------+--------+--------+--------+--------+-----+--------+
         Total |   7449 |   6828 |    621 |      0 |   5615 |   8 |  931.1 |
       Dungeon |   7449 |   6828 |    621 |      0 |   5615 |   8 |  931.1 |
               +--------+--------+--------+--------+--------+-----+--------+

Top non-repeatable levels by time:
     D:7: 1564 daAuts
     D:5: 1430 daAuts
     D:2: 1365 daAuts
     D:1: 851 daAuts
     D:6: 814 daAuts
     D:3: 758 daAuts
     D:4: 623 daAuts
     D:8: 40 daAuts
